 Dungeon Crawl Stone Soup version 0.18-a0-1120-g03bd624 (webtiles) character file.

534 4thArraOfDagon the Chopper (level 7, -1/36 HPs)
             Began as a Vine Stalker Gladiator on Jan 17, 2016.
             Was an Initiate of the Shining One.
             Slain by a centaur skeleton (5 damage)
             ... on level 8 of the Dungeon.
             The game lasted 00:06:39 (1037 turns).

4thArraOfDagon the Chopper (Vine Stalker Gladiator) Turns: 1037, Time: 00:06:40

Health: -1/36      AC:  9    Str: 18    XL:     7   Next: 25%
Magic:  0/7        EV: 12    Int: 10    God:    the Shining One [......]
Gold:   131        SH:  0    Dex: 14    Spells: 0 memorised, 6 levels left

rFire  . . .     SeeInvis .     a - +0 war axe
rCold  . . .     Gourm    .     l - +0 ring mail
rNeg   . . .     Faith    .     (no shield)
rPois  .         Spirit   +     c - +0 helmet
rElec  .         Dismiss  .     (no cloak)
rCorr  .         Reflect  .     e - +2 pair of gloves
SustAt .         Harm     .     (no boots)
MR     .....     Rnd*Rage +     (no amulet)
Stlth  +.........               (no ring)
                                (no ring)

@: not resistant to hostile enchantments, very unstealthy
A: claws 1, fangs 2, berserk 1, low mp 1, regeneration 2, magic shield,
antimagic bite, no device heal 3, rot immunity
a: Renounce Religion


You were on level 8 of the Dungeon.
You worshipped the Shining One.
The Shining One was noncommittal.
You were not hungry.

You visited 1 branch of the dungeon, and saw 8 of its levels.

You collected 131 gold pieces.

Inventory:

Hand Weapons
 a - a +0 war axe (weapon)
Armour
 c - a +0 helmet (worn)
 e - a +2 pair of gloves (worn)
 l - a +0 ring mail (worn)
Magical Staves
 g - an uncursed staff of earth
Scrolls
 b - a scroll of fog {unknown}
 m - 2 scrolls of magic mapping {unknown}
Potions
 j - a potion of lignification
Comestibles
 f - 4 bread rations
 h - a slice of pizza
 i - a meat ration


   Skills:
 + Level 3.6 Fighting
 * Level 5.3 Axes
 - Level 1.7 Throwing
 + Level 1.0 Armour
 + Level 3.9 Dodging


You had 6 spell levels left.
You didn't know any spells.

Dungeon Overview and Level Annotations

Branches:
Dungeon (8/15)
 Temple: D:4-7         Lair: D:8-11

Altars:
Nemelex Xobeh
Sif Muna
Trog
The Shining One

Annotations:
D:6 ater218's ghost, novice MfTm


Innate Abilities, Weirdness & Mutations

You have extremely sharp teeth.
You heal very quickly.
When hurt, damage is shared between your health and your magic reserves.
Your bite disrupts and absorbs the magic of your enemies.
Potions and wands cannot restore your health.
You are immune to rotting.
You have sharp fingernails.
You tend to lose your temper in combat.
Your magical capacity is low (-10% MP).


Message History

You hit the steam dragon. You bite the steam dragon. You drain its power.
You feel invigorated.
The steam dragon is severely wounded.
You barely miss the orc. You hit the centaur skeleton.
You are engulfed in a cloud of scalding steam.
The steam dragon misses you.
The steam dragon claws you but does no damage.
The orc hits you but does no damage. The centaur skeleton barely misses you.
Unknown command.
Unknown command.
You hit the steam dragon. You bite the steam dragon. You drain its power.
You feel invigorated.
The steam dragon is almost dead.
You hit the orc.
The orc is lightly wounded.
You hit the centaur skeleton.
You are engulfed in a cloud of scalding steam.
* * * LOW HITPOINT WARNING * * *
The centaur skeleton hits you!
You die...

### # ... # #?# ###
# #.## #.. ...# #.#
.# #..# #.# $# #..#
#.# .# #Z.# #.# .#
######@.# ##.##.#
#.#
..oo.ooD.####.....#
#.#
#######.......#(.##
#.#
#..####....#####.#
...(.# #.......##.#
####.##
#.#####.##.# #.#
#.# #....# #.# #.#
#..... #. ...
#.####


You could see a steam dragon, an orc wizard, 3 orcs and a centaur skeleton.

Vanquished Creatures
  The ghost of Borgoz the Sneak, an amateur SpAs (D:3)
  A centaur (D:7)
  A necrophage (D:8)
  A scorpion (D:8)
  A crimson imp (D:5)
  2 centaur skeletons (D:4)
  A giant frog skeleton (D:4)
  A worker ant (D:4)
  A gnoll (D:5)
  2 adders
  An adder skeleton (D:4)
  2 giant geckos
  4 orcs
  3 giant cockroaches
  4 goblins
  A hobgoblin (D:1)
  3 jackals (D:3)
  5 kobolds
  A quokka (D:7)
  7 bats
  A giant newt (D:1)
  A quokka skeleton (D:7)
  5 rats
50 creatures vanquished.

Notes
Turn   | Place    | Note
--------------------------------------------------------------
     0 | D:1      | 4thArraOfDagon the Vine Stalker Gladiator began the quest for the Orb.
     0 | D:1      | Reached XP level 1. HP: 11/11 MP: 2/2
    44 | D:1      | Reached XP level 2. HP: 13/15 MP: 3/3
   186 | D:1      | Reached skill level 3 in Axes
   274 | D:2      | Reached XP level 3. HP: 10/18 MP: 2/4
   443 | D:3      | Noticed Borgoz's ghost (amateur SpAs)
   450 | D:2      | Found a sparkling altar of Nemelex Xobeh.
   499 | D:3      | Killed Borgoz's ghost
   499 | D:3      | Reached skill level 4 in Axes
   499 | D:3      | Reached XP level 4. HP: 7/23 MP: 2/5
   499 | D:3      | Reached XP level 5. HP: 8/27 MP: 2/6
   576 | D:4      | Gained mutation: You have sharp fingernails. [potion of mutation]
   576 | D:4      | Gained mutation: You tend to lose your temper in combat. [potion of mutation]
   576 | D:4      | Gained mutation: Your magical capacity is low (-10% MP). [potion of mutation]
   638 | D:5      | Entered Level 5 of the Dungeon
   654 | D:5      | Gained mutation: You heal very quickly. [Vine Stalker growth]
   654 | D:5      | Reached XP level 6. HP: 29/32 MP: 4/6
   743 | D:5      | Found a bloodstained altar of Trog.
   743 | D:5      | Found a glowing golden altar of the Shining One.
   763 | D:5      | Became a worshipper of the Shining One
   796 | D:6      | Noticed ater218's ghost (novice MfTm)
   801 | D:6      | Noticed a black bear
   854 | D:7      | Reached skill level 5 in Axes
   907 | D:7      | Found a deep blue altar of Sif Muna.
   935 | D:8      | Reached XP level 7. HP: 31/36 MP: 5/7
  1008 | D:8      | Reached skill level 1 in Armour
  1028 | D:8      | Noticed a steam dragon
  1037 | D:8      | Slain by a centaur skeleton

Vault maps used:
D:1:      roderic_chinese_lattice_arrival
D:2:      nicolae_overflow_hidden_temple, kennysheep_another_room,
          elyvilon_altar_1, uniq_crazy_yiuf_cottage
D:3:      nicolae_dithmenos_through_a_glass_darkly, grunt_gozag_statues
D:4:      first_bread, lightli_sewer_entry_pipes, st_stairs_5
D:5:      amethyst_overflow_temple_binary, minmay_temple_entry_steel_oval
D:6:      johnstein_pakellas_shop
D:7:      kennysheep_mini_moat

Action                   |  1- 3 |  4- 6 |  7- 9 || total
-------------------------+-------+-------+-------++-------
Melee: War axe           |    82 |    63 |    14 ||   159
Throw: Throwing net      |     2 |     2 |     1 ||     5
  Use: Potion            |     3 |     1 |       ||     4
       Scroll            |     3 |     2 |       ||     5
 Stab: Held in net/web   |     2 |       |       ||     2
  Eat: Fruit             |       |     3 |       ||     3
       Chunk             |       |     1 |       ||     1
